 Dungeon Crawl Stone Soup version 0.28.0-45-g0d030f2227 (webtiles) character file.

Game seed: 14269381419354671362

39 NinjaNoafa the Conjurer (level 3, -2/26 HPs)
             Began as a Demigod Conjurer on Apr 17, 2022.
             Slain by a goblin
             ... wielding a +0 dagger
             ... led by Robin
              (6 damage)
             ... on level 2 of the Dungeon.
             The game lasted 00:03:59 (1267 turns).

NinjaNoafa the Conjurer (Demigod Conjurer)          Turns: 1267, Time: 00:04:00

Health: -2/26      AC:  2    Str:  8    XL:     3   Next: 11%
Magic:  3/8        EV: 11    Int: 24    God:
Gold:   27         SH:  3    Dex: 12    Spells: 3/6 levels left

rFire   . . .      SeeInvis .   g - +0 whip
rCold   . . .      Faith    .   c - +0 buckler
rNeg    + . .      Spirit   .   a - +0 robe
rPois   .          Reflect  .   (no helmet)
rElec   .          Harm     .   (no cloak)
rCorr   .          Rampage  .   (no gloves)
Will    .....                   (no boots)
Stlth   ++........              (no amulet)
HPRegen 0.08/turn               i - ring of positive energy
MPRegen 0.11/turn               (no ring)

@: no status effects
A: high MP 1, forlorn, divine attributes
a: no special abilities


You were on level 2 of the Dungeon.
You visited 1 branch of the dungeon, and saw 2 of its levels.

You collected 27 gold pieces.

Inventory:

Hand Weapons
 b - a +0 short sword
 g - a +0 whip (weapon)
Missiles
 d - 26 stones
Armour
 a - a +0 robe (worn)
 c - a +0 buckler (worn)
Jewellery
 i - a ring of positive energy (left hand)
Scrolls
 e - a scroll of identify {unknown}
 h - a scroll of teleportation {unknown}
Potions
 f - a potion of attraction {unknown}


   Skills:
 + Level 2.2 Dodging
 - Level 2.0 Stealth
 + Level 1.0 Shields
 + Level 2.1 Spellcasting
 + Level 3.9 Conjurations


You had 3 spell levels left.
You knew the following spells:

 Your Spells              Type           Power      Damage    Failure   Level
a - Magic Dart            Conj           84%        1d7       3%          1
b - Searing Ray           Conj           42%        2d6       4%          2

Your spell library contained the following spells:

 Spells                   Type           Power      Damage    Failure   Level
 Dazzling Flash           Conj/Hex       24%        N/A       22%         3
 Fulminant Prism          Conj/Hex       6%         3d7       56%         4
 Iskenderun's Mystic Bla  Conj/Tloc      12%        2d5       56%         4


Dungeon Overview and Level Annotations

Branches:
Dungeon (2/15)

Shops:
D:2 *

Annotations:
D:2 Robin


Innate Abilities, Weirdness & Mutations

You have an increased reservoir of magic. (+10% MP)
You shall have no god before yourself.
Your divine heritage dramatically boosts your attributes as you level up.


Message History

You hear a shout!
Robin shouts!
The hobgoblin shouts! 3 goblins and 3 hobgoblins come into view.
The goblin shouts!
The hobgoblin shouts!
Casting: Magic Dart (safe; 3% risk of failure)
Confirm with . or Enter, or press ? or * to list all spells.
Aiming: Searing Ray (safe; 4% risk of failure)
Press: ? - help, Shift-Dir - straight line, f - Robin
Aim: Robin, wielding a +0 mace, wearing a +0 animal skin and wearing a +0 helmet (84% to hit)
The searing ray hits Robin.
Robin is lightly wounded.
The searing ray hits the goblin.
You kill the goblin! (Press . to maintain the ray.) Robin throws the goblin at you!
You block the goblin's attack.
The searing ray hits the hobgoblin!
You kill the hobgoblin!
The searing ray misses Robin.
Robin throws the goblin at you! The goblin hits you with a +0 dagger.
You block the goblin's attack.
Unknown command.
The searing ray hits the goblin!
You kill the goblin!
The searing ray hits the hobgoblin.
The hobgoblin is heavily wounded.
The searing ray misses Robin.
The goblin closely misses you. The goblin hits you with a +0 club.
The searing ray hits the hobgoblin.
You kill the hobgoblin!
The searing ray misses Robin.
You finish channelling your searing ray.
Robin roars a battlecry!
The goblins go into a battle-frenzy!
The goblin barely misses you. The goblin hits you with a +0 club.
The goblin hits you with a +0 dagger. The goblin hits you with a +0 club.
The goblin hits you with a +0 dagger.
* * * LOW HITPOINT WARNING * * *
Robin throws the goblin at you!
* * * LOW HITPOINT WARNING * * *
The goblin barely misses you. Robin throws the goblin at you!
The goblin hits you with a +0 dagger.
You die...

#.. ..#.# #.#.# #.#.#
#.#.# #.#.#####
#####.#)###.....[.##
#...................
#.###.#.###.......##
#.###.#.###.#+######
##>.gg...............
#..g@g.g.###+#+######
#.#######g......
....... .......
.)..... .......
#######


You could see Robin, a hobgoblin (strong) and 4 goblins.

Vanquished Creatures
  A dart slug (D:1)
  A worm (D:2)
  4 endoplasms (D:1)
  2 giant cockroaches (D:1)
  7 goblins
  3 hobgoblins
  2 jackals (D:1)
  2 quokkas (D:1)
  A ball python (D:1)
  4 bats
  A frilled lizard (D:1)
  2 kobolds (D:1)
30 creatures vanquished.

Notes
Turn   | Place    | Note
-------+----------+-------------------------------------------
     0 | D:1      | NinjaNoafa the Demigod Conjurer began the quest for the
                  | Orb.
     0 | D:1      | Reached XP level 1. HP: 14/14 MP: 5/5
   293 | D:1      | Reached XP level 2. HP: 18/20 MP: 0/7
   847 | D:1      | Reached skill level 1 in Shields
  1084 | D:2      | Found Doapsient's Assorted Antiques.
  1235 | D:2      | Reached XP level 3. HP: 26/26 MP: 6/8
  1238 | D:2      | Learned a level 2 spell: Searing Ray
  1257 | D:2      | Noticed Robin
  1267 | D:2      | Slain by a goblin

Illustrated notes

Levels and vault maps discovered:
D:1:      sevenhm_arrival_forest_fort_large_2, layout_rooms,
          dilly_ecumenical_altar_fadedgnrine
D:2:      layout_basic, serial_shops, nicolae_shop_hallway_stairs, uniq_robin

Skill      XL: |  1  2 |
---------------+-------+-----
Stealth        | 2 |  2.0
Dodging        | 2 |  2.2
Spellcasting   | 2 |  2.1
Shields        | 1 |  1.0
Conjurations   | |  3.9

Action                   || total
-------------------------++-------
Melee: Short sword       ||    10
       Whip              ||     3
 Cast: Magic Dart        ||    54
       Searing Ray       ||     1
Armor: Robe              ||     1
Dodge: Dodged            ||    13
Block: Buckler           ||     4
